 Dungeon Crawl Stone Soup version 0.30-a0-779-g7971cf19c3 (webtiles) character file.

Game seed: 2470587353026452228

53314 jasper the Scholar (level 14, -2/110 HPs)
             Began as a Demonspawn Venom Mage on Feb 17, 2023.
             Was an Elder of Sif Muna.
             Engulfed by a cloud of flame (17 damage)
             ... on level 13 of the Dungeon on Feb 18, 2023.
             The game lasted 01:16:19 (27520 turns).

jasper the Scholar (Demonspawn Venom Mage)         Turns: 27520, Time: 01:16:20

Health: -2/110     AC: 11    Str: 14    XL:     14   Next: 30%
Magic:  13/28      EV: 15    Int: 31    God:    Sif Muna [****..]
Gold:   927        SH:  6    Dex: 11    Spells: 1/33 levels left

rFire   . . .      SeeInvis +    c - +0 sling
rCold   . . .      Faith    .    N - +2 buckler
rNeg    . . .      Spirit   .    a - +0 steam dragon scales
rPois   .          Reflect  .    J - +0 helmet
rElec   .          Harm     .    s - +0 cloak
rCorr   .          Rampage  .    O - +1 pair of gloves
Will    ++...                    y - +1 pair of boots "Lorrinu" {Will+}
Stlth   +                        (no amulet)
HPRegen 0.38/turn                P - ring "Gaerchown" {Str+6 Int+2 Dex-2 SInv}
MPRegen 0.21/turn                (no ring)

@: on blink cooldown, very slow
A: powered by pain 3, big brain 3, condensation shield, demonic touch 2
a: Renounce Religion, Channel Magic, Forget Spell, Divine Exegesis


You were on level 13 of the Dungeon.
You worshipped Sif Muna.
Sif Muna was greatly pleased with you.
You visited 4 branches of the dungeon, and saw 20 of its levels.

You collected 1589 gold pieces.
You spent 662 gold pieces at shops.

Inventory:

Hand Weapons
 c - a +0 sling (weapon)
Missiles
 i - 176 stones
 Z - a throwing net
Armour
 a - +0 steam dragon scales (worn)
 r - a +1 robe of willpower
 s - a +0 cloak (worn)
 t - a +2 pair of boots
 y - the +1 pair of boots "Lorrinu" (worn) {Will+}
   (You bought it in a shop on level 9 of the Dungeon)

   Will:      It increases your willpower.
 A - a +2 robe of positive energy
 B - the +0 leather armour of Qeumpif {Int+3 Stlth+}
   (You found it on level 7 of the Dungeon)

   Int:       It affects your intelligence (+3).
   Stlth:     It makes you more stealthy.
 C - a +0 pair of gloves
 J - a +0 helmet (worn)
 N - a +2 buckler (worn)
 O - a +1 pair of gloves (worn)
 Y - an orb of energy
Magical Staves
 h - a staff of death
Jewellery
 o - an amulet of faith
 P - the ring "Gaerchown" (left hand) {Str+6 Int+2 Dex-2 SInv}
   (You found it on level 3 of the Lair of Beasts)

   [ring of see invisible]

   Str:       It affects your strength (+6).
   Int:       It affects your intelligence (+2).
   Dex:       It affects your dexterity (-2).
   SInv:      It lets you see invisible.
 R - an amulet of guardian spirit
 T - a +6 ring of intelligence
Wands
 p - a wand of roots (19)
 v - a wand of polymorph (10)
 G - a wand of paralysis (5)
 U - a wand of digging (4)
 V - a wand of light (15)
 X - a wand of flame (11)
Scrolls
 d - 5 scrolls of fog
 e - 5 scrolls of poison
 q - 9 scrolls of teleportation
 w - 6 scrolls of identify
 D - 8 scrolls of fear
 E - 2 scrolls of vulnerability
 F - a scroll of amnesia
 I - 2 scrolls of butterflies
 K - 2 scrolls of immolation
 L - a scroll of blinking
 S - a scroll of magic mapping
 W - a scroll of enchant armour {unknown}
Potions
 b - 2 potions of magic
 f - 2 potions of attraction
 g - 2 potions of brilliance
 j - a potion of mutation
 k - 3 potions of haste
 l - a potion of degeneration
 m - a potion of berserk rage
 n - 3 potions of ambrosia
 u - 4 potions of lignification
 x - 8 potions of curing
 z - 2 potions of flight
 H - 2 potions of resistance
 M - a potion of invisibility
 Q - 2 potions of heal wounds


   Skills:
 - Level 10.0 Fighting
 - Level 4.0 Ranged Weapons
 - Level 10.0 Dodging
 - Level 1.7 Stealth
 - Level 4.0 Shields
 - Level 10.0 Spellcasting
 + Level 7.8 Conjurations
 - Level 2.0 Translocations
 - Level 0.9 Transmutations
 - Level 10.0 Fire Magic
 - Level 2.0 Air Magic
 - Level 7.2 Poison Magic
 - Level 10.5 Invocations


You had one spell level left.
You knew the following spells:

 Your Spells              Type           Power      Damage    Failure   Level
a - Fireball              Conj/Fire      31%        3d13      1%          5
b - Blink                 Tloc           54%        N/A       1%          2
c - Mephitic Cloud        Conj/Pois/Air  50%        N/A       1%          3
d - Olgreb's Toxic Radia  Pois           57%        N/A       1%          4
e - Ignite Poison         Fire/Tmut/Pois 52%        N/A       1%          3
f - Orb of Destruction    Conj           29%        9d9       45%         7
g - Ignition              Fire           33%        3d10      85%         8

Your spell library contained the following spells:

 Spells                   Type           Power      Damage    Failure   Level
 Magic Dart               Conj           100%       1d8       1%          1
 Sting                    Tmut/Pois      100%       1d8       1%          1
 Cigotuvi's Dreadful Rot  Necr/Pois/Air  68%        N/A       1%          2
 Lesser Beckoning         Tloc           54%        N/A       1%          2
 Momentum Strike          Conj/Tloc      92%        3d10      1%          2
 Poisonous Vapours        Pois/Air       88%        N/A       1%          2
 Static Discharge         Conj/Air       92%        2-6/arc   1%          2
 Inner Flame              Hex/Fire       46%        N/A       1%          3
 Flame Wave               Conj/Fire      63%        2d15      1%          4
 Sticky Flame             Conj/Fire      63%        2d8       1%          4
 Iskenderun's Battlesphe  Conj           59%        2d11      1%          5
 Call Imp                 Summ           15%        N/A       2%          2
 Vhi's Electric Charge    Tloc/Air       54%        N/A       2%          3
 Arcjolt                  Conj/Air       23%        1d33      6%          5
 Lightning Bolt           Conj/Air       23%        1d38      6%          5
 Airstrike                Air            13%        2d(2-18)  8%          4
 Irradiate                Conj/Tmut      21%        3d18      8%          5
 Alistair's Intoxication  Tmut/Pois      26%        N/A       9%          5
 Summon Lightning Spire   Summ/Air       21%        N/A       11%         4
 Summon Forest            Summ/Tloc      10%        N/A       28%         5
 Blade Hands              Tmut           10%        N/A       32%         5
 Conjure Ball Lightning   Conj/Air       23%        3x3d6     32%         6
 Borgnjor's Vile Clutch   Necr/Erth      7%         N/A       41%         5
 Summon Mana Viper        Hex/Summ       15%        N/A       41%         5
 Eringya's Noxious Bog    Tmut/Pois      20%        N/A       41%         6
 Summon Cactus Giant      Summ           7%         N/A       91%         6
 Dragon Form              Tmut           10%        N/A       100%        7


Dungeon Overview and Level Annotations

Branches:
Dungeon (13/15)            Temple (1/1) D:7            Lair (5/5) D:10
 Spider (0/4) Lair:2          Orc (1/2) D:12
  Swamp: Lair:2-3    Shoals: Lair:2-3     Slime: Lair:4-5    Vaults: D:13-14

Altars:
Ashenzari
Cheibriados
Dithmenos
Fedhas
Gozag
Hepliaklqana
Kikubaaqudgha
Makhleb
Nemelex Xobeh
Okawaru
Qazlal
Ru
Sif Muna
Trog
Uskayaw
Vehumet
Wu Jian
Xom
Yredelemnul
Jiyva

Shops:
D:1 :(   D:3 *   D:4 *   D:8 *:   D:9 [   D:10 !

Annotations:
D:6 exclusions: door and water moccasin
Lair:2 exclusion: oklob plant
Lair:4 exclusion: oklob plant


Innate Abilities, Weirdness & Mutations

You are powered by pain.
You have an absolutely massive brain. (Int +6, Wiz)
A meltable shield of frost defends you. (SH +0)
Your touch may inflict irresistible damage on your foes.


Message History

The boulder beetle barely misses you.
You take 13 damage, and have 42/110 hp.
You now have 16/28 mp.
Casting: Olgreb's Toxic Radiance (mildly dangerous; 1% risk of failure)
Confirm with . or Enter, or press ? or * to list all spells.
You ignite the poison in your surroundings!
The boulder beetle seems to burn from within!!
You kill the boulder beetle!
Sif Muna accepts your kill.
The centaur warrior seems to burn from within!
The centaur warrior is severely wounded.
You are engulfed in blazing flames.
The centaur warrior is poisoned.
Your toxic aura wanes.
The centaur warrior is engulfed in blazing flames.
The centaur warrior shoots an arrow.
The arrow hits you.
* * * LOW HITPOINT WARNING * * *
You take 11 damage, and have 31/110 hp.
You now have 14/28 mp.
Really walk into that cloud of spreading flames?
You are engulfed in a forest fire.
* * * LOW HITPOINT WARNING * * *
The centaur warrior is engulfed in blazing flames.
The centaur warrior shoots an arrow.
The arrow hits you!
* * * LOW HITPOINT WARNING * * *
The centaur warrior is engulfed in blazing flames.
You kill the centaur warrior!
Sif Muna accepts your kill.
The forest fire spreads!
You take 18 damage, and have 13/110 hp.
The forest fire spreads!
You start resting.
You're standing in a cloud of flame!
You regained 2 hp, and now have 15/110 hp.
Okay, then.
Casting: Ignite Poison (safe; 1% risk of failure)
Confirm with . or Enter, or press ? or * to list all spells.
You blink.
Splash!
You fall into the shallow water.
Moving in this stuff is going to be slow.
You are engulfed in blazing flames.
You die...

♣♣♣~#
♣P~♣#
♣♣~P♣
#♣~♣♣♣##
#.~P~.<#
#~≈~P~##
#♣~♣♣~#
♣♣°♣~#
♣§§§@#
#♣♣☼☼§#
#§§°°☼#
#♣§°§§#
##°###
§§§.
#♣§§..
.≈≈≈.#
#.≈≈≈.#


There were no monsters in sight!

Vanquished Creatures
  Snorg (D:12)
  4 hydras
  2 centaur warriors (D:13)
  A boulder beetle (D:13)
  15 death yaks (Lair:5)
  3 two-headed ogres
  Nergalle (Lair:1)
  A skyshark (Lair:5)
  Pikel (D:5)
  A lindwurm (Lair:3)
  2 cyclopes
  3 orc sorcerers (Orc:1)
  2 ugly things
  5 black mambas (Lair:5)
  24 elephants
  A torpor snail (Lair:5)
  A kobold demonologist (D:11)
  9 cane toads
  8 komodo dragons
  A troll (Orc:1)
  A hornet (D:8)
  A polar bear (Lair:2)
  6 blink frogs (Lair:2)
  3 slime creatures (D:12)
  Sigmund (D:5)
  2 shadows
  3 wraiths
  9 wyverns
  21 yaks
  3 steam dragons
  3 basilisks
  10 vampire mosquitoes
  2 wargs (Orc:1)
  Edmund (D:6)
  4 hell hounds (Lair:5)
  An acid dragon (D:8)
  15 water moccasins
  An ice beast (D:6)
  9 orc warriors
  2 sky beasts (D:7)
  3 ogres
  6 wolves
  2 centaurs
  A phantom (D:5)
  4 kobold brigands
  A gnoll sergeant (D:7)
  10 bullfrogs
  3 necrophages
  12 scorpions
  2 water moccasin zombies (D:4)
  13 wights
  3 killer bees (D:10)
  6 howler monkeys
  An electric eel (D:13)
  10 orc priests
  2 hounds
  2 jellies (D:7)
  Ijyb (D:3)
  17 orc wizards
  A hound zombie (D:4)
  3 gnolls (D:7)
  2 river rats (D:3)
  10 adders
  A shadow imp (D:5)
  3 white imps
  5 ufetubi
  2 adder zombies (D:4)
  A dart slug (D:3)
  4 worms
  58 orcs
  10 ball pythons
  8 endoplasms
  4 giant cockroaches
  14 goblins
  7 hobgoblins
  8 jackals (D:4)
  17 kobolds
  2 quokkas
  4 bats
  4 frilled lizards
  8 rats
459 creatures vanquished.

Vanquished Creatures (others)
  A butterfly (D:5)
  A demonic plant (D:5)
  25 fungi
  63 plants
90 creatures vanquished.

Grand Total: 549 creatures vanquished

Notes
Turn   | Place    | Note
-------+----------+-------------------------------------------
     0 | D:1      | jasper the Demonspawn Venom Mage began the quest for the
                  | Orb.
     0 | D:1      | Reached XP level 1. HP: 13/13 MP: 3/3
   397 | D:1      | Reached skill level 1 in Ranged Weapons
   411 | D:1      | Found Geborid's Weapon Boutique.
   592 | D:1      | Gained mutation: You sometimes gain a little power by
                  | taking damage. [demonic ancestry]
   592 | D:1      | Reached XP level 2. HP: 19/19 MP: 5/5
   609 | D:1      | Found Hoek's Vocational Training.
  1444 | D:2      | Noticed a scorpion
  1451 | D:2      | Killed a scorpion
  1452 | D:2      | Reached XP level 3. HP: 21/24 MP: 2/6
  1452 | D:2      | Gained mutation: You have an unusually large brain. (Int
                  | +2) [demonic ancestry]
  1452 | D:2      | Reached XP level 4. HP: 26/30 MP: 2/7
  1519 | D:2      | Learned a level 2 spell: Blink
  1523 | D:2      | Learned a level 3 spell: Mephitic Cloud
  1892 | D:3      | Found Tecvu's General Store.
  1951 | D:3      | Found a sacrificial altar of Ru.
  2160 | D:3      | Noticed Ijyb
  2175 | D:3      | Killed Ijyb
  2176 | D:3      | Reached XP level 5. HP: 22/35 MP: 2/8
  2561 | D:3      | Reached skill level 1 in Conjurations
  2665 | D:3      | Reached skill level 1 in Air Magic
  3162 | D:4      | Noticed an orc warrior
  3378 | D:4      | Found Cesk's Serpentskin Sales.
  3378 | D:4      | Noticed a water moccasin
  3378 | D:4      | Noticed a water moccasin
  3473 | D:5      | Entered Level 5 of the Dungeon
  3711 | D:5      | Gained mutation: Your touch may inflict minor irresistible
                  | damage on your foes. [demonic ancestry]
  3711 | D:5      | Reached XP level 6. HP: 19/41 MP: 9/9
  3791 | D:5      | Noticed Sigmund
  3796 | D:5      | Killed Sigmund
  3825 | D:5      | Gained mutation: You have an extremely huge brain. (Int +4)
                  | [demonic ancestry]
  3825 | D:5      | Reached XP level 7. HP: 22/46 MP: 2/11
  3905 | D:5      | Learned a level 4 spell: Olgreb's Toxic Radiance
  3946 | D:5      | Found a stormy altar of Qazlal.
  3951 | D:5      | Noticed Pikel
  3974 | D:5      | Killed Pikel
  4131 | D:5      | Reached skill level 1 in Translocations
  4131 | D:5      | Reached XP level 8. HP: 34/52 MP: 4/13
  4145 | D:5      | Learned a level 3 spell: Ignite Poison
  4322 | D:5      | HP: 1/52 [phantom (6)]
  5208 | D:6      | Reached skill level 1 in Fighting
  5722 | D:6      | Reached skill level 5 in Spellcasting
  5899 | D:7      | Gained mutation: Your touch may inflict irresistible damage
                  | on your foes. [demonic ancestry]
  5899 | D:7      | Reached XP level 9. HP: 56/62 MP: 10/17
  5904 | D:7      | Learned a level 4 spell: Sticky Flame
  6151 | D:7      | Found a staircase to the Ecumenical Temple.
  6219 | Temple   | Entered the Ecumenical Temple
  6625 | D:7      | Identified the +0 leather armour of Qeumpif {Int+3 Stlth+}
  7192 | D:7      | Found a shimmering blue altar of Sif Muna.
  7233 | D:7      | Became a worshipper of Sif Muna the Loreminder
  7694 | D:8      | Found Iluuzuet's General Store.
  7824 | D:8      | Bought a potion of curing for 42 gold pieces
  7824 | D:8      | Bought a potion of curing for 42 gold pieces
  7887 | D:8      | Found Nosunt's Book Boutique.
  8290 | D:8      | Noticed a two-headed ogre
  8302 | D:8      | Killed a two-headed ogre
  8303 | D:8      | Reached skill level 5 in Fighting
  8303 | D:8      | Reached skill level 5 in Dodging
  8457 | D:8      | Gained mutation: You sometimes gain power by taking damage.
                  | [demonic ancestry]
  8457 | D:8      | Reached XP level 10. HP: 76/76 MP: 15/20
  8497 | D:8      | Reached skill level 1 in Fire Magic
  8766 | D:8      | Identified the +0 robe "Qimotul" {Harm rElec rF- Dex-2}
  9114 | D:9      | Found Jifegoly's Antique Armour Emporium.
  9145 | D:9      | Bought a pair of shimmering boots for 266 gold pieces
  9145 | D:9      | Identified the +1 pair of boots "Lorrinu" {Will+} (You
                  | bought it in a shop on level 9 of the Dungeon)
  9179 | D:9      | Found a radiant altar of Vehumet.
  9353 | D:9      | Reached * piety under Sif Muna
 10151 | D:10     | Entered Level 10 of the Dungeon
 10250 | D:10     | Reached skill level 5 in Conjurations
 10253 | D:10     | Noticed a two-headed ogre
 10472 | D:10     | Found Cegeipos's Distillery.
 10480 | D:10     | Bought a potion of curing for 51 gold pieces
 10480 | D:10     | Bought a potion of curing for 51 gold pieces
 10502 | D:10     | Found a staircase to the Lair.
 10589 | D:10     | Noticed a two-headed ogre
 10596 | D:10     | Killed a two-headed ogre
 10777 | D:10     | Found an ornate altar of the Wu Jian Council.
 10844 | D:10     | Killed a two-headed ogre
 10845 | D:10     | Reached skill level 5 in Fire Magic
 11134 | D:11     | Noticed a cyclops
 11298 | D:11     | Reached skill level 1 in Invocations
 11428 | D:11     | Reached XP level 11. HP: 71/81 MP: 13/21
 11833 | D:11     | Noticed a white ugly thing
 12581 | D:6      | Noticed Edmund
 12586 | D:6      | Killed Edmund
 13280 | D:4      | Found a basalt altar of Yredelemnul.
 13505 | D:4      | Reached ** piety under Sif Muna
 13736 | D:4      | Found a burning altar of Makhleb.
 13953 | Lair:1   | Entered Level 1 of the Lair of Beasts
 14762 | Lair:1   | Noticed Nergalle
 14766 | Lair:1   | Killed Nergalle
 15170 | Lair:1   | Reached skill level 5 in Invocations
 15782 | Lair:2   | Gained mutation: You have an absolutely massive brain. (Int
                  | +6, Wiz) [demonic ancestry]
 15782 | Lair:2   | Reached XP level 12. HP: 67/91 MP: 3/24
 16093 | Lair:2   | Learned a level 8 spell: Ignition
 16249 | D:9      | Bought a shiny buckler for 210 gold pieces
 16531 | Lair:2   | Found a hole to the Spider Nest.
 16880 | Lair:2   | Found a blossoming altar of Fedhas.
 17076 | Lair:2   | Reached skill level 1 in Shields
 17444 | Lair:3   | Identified the ring "Gaerchown" {Str+6 Int+2 Dex-2 SInv}
 17507 | Lair:3   | Found a dark tunnel.
 17949 | Lair:4   | Identified the +2 ring mail of the Moon {rF+ rC+ Str+3
                  | Dex-4}
 18324 | Lair:4   | Reached *** piety under Sif Muna
 18859 | Lair:4   | Found a viscous altar of Jiyva.
 18976 | Lair:5   | Entered Level 5 of the Lair of Beasts
 19549 | Lair:5   | Learned a level 5 spell: Fireball
 19773 | Lair:5   | Noticed a seven-headed hydra
 19782 | Lair:5   | Killed a seven-headed hydra
 19852 | Lair:5   | Noticed a death yak
 19855 | Lair:5   | Noticed a death yak
 19864 | Lair:5   | Killed a death yak
 19867 | Lair:5   | Noticed a death yak
 19874 | Lair:5   | Killed a death yak
 19879 | Lair:5   | Killed a death yak
 19880 | Lair:5   | Gained mutation: You are powered by pain. [demonic
                  | ancestry]
 19880 | Lair:5   | Reached XP level 13. HP: 94/100 MP: 9/26
 20947 | Lair:5   | Reached **** piety under Sif Muna
 21118 | Lair:5   | Reached skill level 10 in Spellcasting
 21346 | Lair:5   | Reached skill level 10 in Invocations
 21918 | Lair:5   | Reached skill level 10 in Fighting
 23755 | D:12     | Found a staircase to the Orcish Mines.
 23799 | D:12     | Found a bloodstained altar of Trog.
 24471 | D:12     | Gained mutation: A meltable shield of frost defends you.
                  | (SH +0) [demonic ancestry]
 24471 | D:12     | Reached XP level 14. HP: 110/110 MP: 5/28
 25078 | Orc:1    | Entered Level 1 of the Orcish Mines
 25884 | Orc:1    | Noticed an orc warlord
 26509 | Lair:5   | Reached skill level 10 in Dodging
 26526 | Lair:5   | Reached skill level 10 in Fire Magic
 26703 | Lair:5   | Learned a level 7 spell: Orb of Destruction
 27103 | D:13     | Noticed Snorg
 27141 | D:12     | Killed Snorg
 27520 | D:13     | Engulfed by a cloud of flame

Illustrated notes

Levels and vault maps discovered:
D:1:      arrival_zaba_pyramid, layout_loops_corners, serial_shops,
          nicolae_lakefront_shop, nicolae_shop_vocational
D:2:      layout_basic
D:3:      kennysheep_the_goblin_king, layout_basic,
          mainiacjoe_overflow_surrounded_room, serial_shops, shop,
          portal_sewer_entry_e
D:4:      layout_basic, nicolae_yredelemnul_corpse_copse, bloody_makhleb,
          guppyfry_shop_venom
D:5:      layout_loops_ring, lemuel_doored_altar,
          nicolae_elyvilon_peaceful_grove, serial_demonic, serial_demonic_d,
          serial_demonic_c, serial_demonic_e, serial_demonic_b, uniq_pikel,
          uniq_ijyb, uniq_sigmund
D:6:      minmay_inner_zag, layout_basic, minmay_misc_feat_square,
          minmay_quadrilaterals, uniq_edmund
D:7:      layout_layer_cave, lemuel_round_altar, nicolae_sif_muna_condensation,
          minmay_temple_entry_enclosed_plants, serial_bayou_pond_d
D:8:      layout_loops_ring, serial_shops,
          nicolae_shop_competitors_out_of_business, nicolae_square_shop
D:9:      layout_loops_corners, mainiacjoe_overflow_chevrons, serial_shops,
          nicolae_shop_waterfront
D:10:     layout_gridville, nzn_wu_jian_council_hall, lair_entry_dummy,
          serial_shops, nicolae_shop_trees
D:11:     layout_cave_pools
D:12:     layout_basic, hiddenorc2_lemuel, trog_hazing_becter
D:13:     nzn_winding_woodlands_huge [nzn_winding_woodlands_5x15_concentric,
          nzn_winding_woodlands_5x15_lazy_stream,
          nzn_winding_woodlands_5x15_river_crossing,
          nzn_winding_woodlands_5x15_sawtooth,
          nzn_winding_woodlands_5x15_pockets, nzn_winding_woodlands_5x15_zeroes,
          nzn_winding_woodlands_5x15_pathside_ponds,
          nzn_winding_woodlands_5x15_split_checker,
          nzn_winding_woodlands_5x15_jagged,
          nzn_winding_woodlands_5x15_sidewinder,
          nzn_winding_woodlands_center_lodge,
          nzn_winding_woodlands_center_pierced_h,
          nzn_winding_woodlands_15x15_thick_spiral], layout_cave_pools,
          kennysheep_minor_cross, uniq_snorg, uniq_urug
Temple:   nicolae_temple_bog_church
Lair:1:   layout_cellular_growth, infiniplex_staircase_pool_2,
          serial_bayou_shore_b, uniq_nergalle
Lair:2:   layout_regular_city, nicolae_spider_entry_non_spiders,
          hangedman_tree_tricks, grunt_megastairs_4
Lair:3:   layout_cellular_growth, skrybe_swamp_entry_bodies,
          nicolae_volcano_entry_vermiform, nicolae_lair_liquid_snakes
Lair:4:   layout_loops_ring, minmay_slime_entry_oklob_enclosed,
          columned_hall_lemuel
Lair:5:   cheibrodos_lair_end_hotspot, layout_layer_cave, serial_bayou_shore_a
Orc:1:    layout_caves

Skill      XL: |  1  2  3  4  5  6  7  8  9 10 11 12 13 14 |
---------------+-------------------------------------------+-----
Ranged Weapons | 1 3 4 |  4.0
Conjurations   | 1 2 6 7 |  7.8
Air Magic      | 1 2 |  2.0
Poison Magic   | 4 7 |  7.2
Spellcasting   | 3 5 7 8 9 10 | 10.0
Translocations | 1 2 |  2.0
Dodging        | 3 5 7 8 9 10 | 10.0
Fighting       | 2 5 6 7 8 10 | 10.0
Fire Magic     | 5 6 8 9 10 | 10.0
Invocations    | 1 5 8 10 | 10.5
Shields        | 3 4 |  4.0
Stealth        | |  1.7
Transmutations | |  0.9

Action                     |  1- 3 |  4- 6 |  7- 9 | 10-12 | 13-15 || total
---------------------------+-------+-------+-------+-------+-------++-------
   Fire: Sling             |    60 |   187 |   180 |   308 |    14 ||   749
   Cast: Sting             |    12 |    58 |    22 |     1 |       ||    93
         Mephitic Cloud    |       |     1 |     9 |     7 |     2 ||    19
         Olgreb's Toxic Ra |       |       |    23 |    97 |    75 ||   195
         Ignite Poison     |       |       |    22 |    68 |    39 ||   129
         Sticky Flame      |       |       |       |    43 |    19 ||    62
         Fireball          |       |       |       |     9 |    99 ||   108
         Blink             |       |       |       |       |     7 ||     7
 Invoke: Channel Magic     |       |       |       |     2 |     5 ||     7
  Evoke: Wand              |       |       |       |       |     3 ||     3
    Use: Scroll            |     3 |     5 |     3 |    13 |     2 ||    26
         Potion            |       |     2 |     4 |       |       ||     6
 Armour: Robe              |     4 |    29 |    63 |    43 |    23 ||   162
         Steam dragon scal |       |       |       |       |    11 ||    11
  Dodge: Dodged            |    19 |    83 |   141 |   120 |   107 ||   470
  Block: Buckler           |       |       |       |    18 |    65 ||    83

Table legend: (Time is in decaauts)
 A = Elapsed time spent in this place.
 B = Non-inter-level travel time spent in this place.
 C = Inter-level travel time spent in this place.
 D = Time resting spent in this place.
 E = Time spent auto-exploring this place.
 F = Levels seen in this place.
 G = Mean time per level.
                   A        B        C        D        E       F      G
               +--------+--------+--------+--------+--------+-----+--------+
         Total |  27761 |  25926 |   1835 |   3776 |  18944 |  20 | 1388.1 |
       Dungeon |  17854 |  16559 |   1295 |   2281 |  12265 |  13 | 1373.4 |
        Temple |    192 |    186 |      6 |      0 |    176 |   1 |  192.0 |
          Lair |   9109 |   8576 |    533 |   1340 |   6190 |   5 | 1821.8 |
  Orcish Mines |    604 |    604 |      0 |    155 |    313 |   1 |  604.0 |
               +--------+--------+--------+--------+--------+-----+--------+

Top non-repeatable levels by time:
  Lair:5: 3394 daAuts
    D:12: 2644 daAuts
  Lair:1: 2202 daAuts
     D:6: 1939 daAuts
     D:7: 1724 daAuts
  Lair:4: 1695 daAuts
     D:9: 1573 daAuts
     D:4: 1561 daAuts
    D:10: 1468 daAuts
     D:5: 1337 daAuts
  Lair:2: 1227 daAuts
     D:8: 1211 daAuts
    D:11: 1080 daAuts
     D:3: 1068 daAuts
     D:1: 983 daAuts
